 Dungeon Crawl Stone Soup version 0.21-a0-59-g7b0e191 (webtiles) character file.

415 Ijustatesigmund the Sneak (level 6, -2/43 HPs)
             Began as an Octopode Assassin on June 16, 2017.
             Slain by an orc
             ... wielding a +0 mace
              (7 damage)
             ... on level 4 of the Dungeon.
             The game lasted 00:06:06 (2785 turns).

Ijustatesigmund the Sneak (Octopode Assassin)       Turns: 2785, Time: 00:06:06

Health: -2/43      AC:  1    Str: 10    XL:     6   Next: 91%
Magic:  6/6        EV: 19    Int: 13    God:
Gold:   241        SH:  0    Dex: 16    Spells: 5/5 levels left

rFire    . . .     SeeInvis .   a - +2 dagger
rCold    . . .     Gourm    .   (no shield)
rNeg     . . .     Faith    .   (helmet restricted)
rPois    .         Spirit   .   r - amulet of rage
rElec    .         Reflect  .   t - ring of resist corrosion
rCorr    +         Harm     .   h - +3 ring of evasion
MR       .....                  (no ring)
Stlth    ++++......             (no ring)
HPRegen  0.14/turn              (no ring)
MPRegen  0.10/turn              (no ring)
                                (no ring)
                                (no ring)

@: drained
A: almost no armour, stealthy swim, amphibious, 8 rings, constrict 8, camouflage
1, gelatinous body 1
a: Evoke Berserk Rage


You were on level 4 of the Dungeon.
You were not hungry.

You visited 1 branch of the dungeon, and saw 4 of its levels.

You collected 241 gold pieces.

Inventory:

Hand Weapons
 a - a +2 dagger (weapon)
 b - a +0 blowgun
Missiles
 c - 32 poisoned needles
 d - 8 curare-tipped needles
Jewellery
 h - a +3 ring of evasion (right tentacle)
 r - an amulet of rage (around mantle)
 t - a ring of resist corrosion (left tentacle)
Wands
 j - a wand of acid (13/15)
 k - a wand of confusion (23/48)
 s - a wand of scattershot (6/9)
Scrolls
 e - 2 scrolls of immolation
 i - a scroll of teleportation
 m - 2 scrolls of remove curse
 o - a scroll of blinking
 p - a scroll of amnesia
Potions
 n - a potion of curing
Comestibles
 f - 6 bread rations
 g - a fruit
 l - 5 meat rations


   Skills:
 - Level 3.7(3.4) Fighting
 - Level 3.8(3.5) Short Blades
 - Level 2.0(1.7) Throwing
 + Level 5.1(4.8) Dodging
 - Level 5.3(5.0) Stealth


You had 5 spell levels left.
You didn't know any spells.

Dungeon Overview and Level Annotations

Branches:
Dungeon (4/15)
 Temple: D:4-7

Altars:
Ashenzari
Makhleb
Ru


Innate Abilities, Weirdness & Mutations

You cannot wear most types of armour.
You are very stealthy in the water. (Stealth+)
You are amphibious.
You can wear up to eight rings at the same time.
You can use your tentacles to constrict eight enemies at once.
Your skin changes colour to match your surroundings (Stealth+).
Your rubbery body absorbs attacks. (AC +1, EV +1)


Message History

You hit the orc wizard.
The orc wizard is almost dead.
You constrict the orc wizard.
You kill the orc wizard!
Your base Dodging skill increases to level 5!
You hit the orc. Your grab misses the orc. You squeeze the orc.
You kill the orc!
The orc throws a tomahawk.
The tomahawk barely misses you.
You hit the quokka. Your grab misses the quokka.
Your squeeze misses the quokka.
The quokka is heavily wounded.
The quokka bites you.
* * * LOW HITPOINT WARNING * * *
You closely miss the quokka. You grab the quokka.
The quokka is heavily wounded.
You constrict the quokka. You hit the quokka.
You kill the quokka!
The orc hits you with a mace!
You die...

#.## ##....[...#
#.# #........# #.#
#........# #.#
#.......># #.#
#........# #.#
#........# #.#
#........# #(#
#........# #@#
##..[.....# #o.#
#.........# #....
..........#
#................#
#....#######.....#
#....# #.....#
#....+ #.)...#
#....# +...††#
#..†..#


You could see an orc.

Vanquished Creatures
  A crimson imp (D:4)
  An orc priest (D:4)
  3 orc wizards (D:4)
  An iguana (D:4)
  3 worker ants
  5 gnolls (D:2)
  3 adders
  2 dart slugs
  2 leopard geckos
  16 orcs
  A ball python (D:2)
  3 giant cockroaches
  4 goblins
  6 hobgoblins
  9 jackals
  3 quokkas
  5 bats
  3 frilled lizards
  2 kobolds
  11 rats
84 creatures vanquished.

Notes
Turn   | Place    | Note
-------+----------+-------------------------------------------
     0 | D:1      | Ijustatesigmund the Octopode Assassin began the quest for the Orb.
     0 | D:1      | Reached XP level 1. HP: 14/14 MP: 1/1
   318 | D:1      | Reached XP level 2. HP: 20/20 MP: 2/2
   975 | D:2      | Reached XP level 3. HP: 25/25 MP: 3/3
  1077 | D:2      | Reached XP level 4. HP: 25/31 MP: 4/4
  1515 | D:3      | Found a burning altar of Makhleb.
  1664 | D:3      | Reached XP level 5. HP: 34/37 MP: 5/5
  1688 | D:3      | Found a shattered altar of Ashenzari.
  1759 | D:3      | Found a sacrificial altar of Ru.
  2415 | D:4      | Reached XP level 6. HP: 29/43 MP: 6/6
  2780 | D:4      | Reached skill level 5 in Dodging
  2785 | D:4      | Slain by an orc

Vault maps used:
D:1:      scummos_arrival_star, corexii_item_surrounded_by_moat
D:2:      first_bread, cheibrodos_gnoll_hut
D:3:      cheibrodos_ashenzari_chains, lemuel_coloured_pillars_altar,
          nicolae_ru_sacrificial_ziggurat, kennysheep_donut
D:4:      marbit_many_paths

Skill      XL: |  1  2  3  4  5  6 |
---------------+-------------------+-----
Short Blades   | 3 |  3.8
Fighting       | 3 |  3.7
Dodging        | 3 5 |  5.1
Throwing       | |  2.0
Stealth        | |  5.3

Action                   |  1- 3 |  4- 6 || total
-------------------------+-------+-------++-------
Melee: Dagger            |    48 |   129 ||   177
       Constrict         |    11 |    34 ||    45
       Tentacles         |    10 |    34 ||    44
 Abil: Evoke Berserk Rag |       |     1 ||     1
  Use: Potion            |     1 |     6 ||     7
       Scroll            |       |     9 ||     9
 Stab: Sleeping          |    10 |    11 ||    21
       Distracted        |     2 |       ||     2
  Eat: Chunk             |       |     7 ||     7
Armor: Skin              |     1 |     7 ||     8
Dodge: Dodged            |    33 |    79 ||   112
